 Dungeon Crawl Stone Soup version 0.22-a0-803-gd6d8abeff0 (webtiles) character file.

259 Bergy the Cudgeler (level 6, -14/37 HPs)
             Began as a Gargoyle Fighter on July 22, 2018.
             Demolished by an ogre
             ... wielding a +0 giant spiked club
              (23 damage)
             ... on level 4 of the Dungeon.
             The game lasted 00:13:40 (3296 turns).

Bergy the Cudgeler (Gargoyle Fighter)               Turns: 3296, Time: 00:13:41

Health: -14/37     AC: 17    Str: 22    XL:     6   Next: 17%
Magic:  6/6        EV:  5    Int:  8    God:
Gold:   149        SH:  9    Dex:  9    Spells: 5/5 levels left

rFire    + . .     SeeInvis .   a - +0 flail
rCold    . . .     Gourm    .   c - +0 shield
rNeg     + . .     Faith    .   b - +2 chain mail {rF+}
rPois    ∞         Spirit   .   (no helmet)
rElec    +         Reflect  .   x - +0 cloak
rCorr    .         Harm     .   (no gloves)
MR       .....                  r - +0 pair of boots
Stlth    ..........             (no amulet)
HPRegen  0.12/turn              (no ring)
MPRegen  0.10/turn              (no ring)

@: no status effects
A: negative energy resistance 1, electricity resistance, unbreathing,
petrification resistance, rot immunity, AC +4
a: no special abilities


You were on level 4 of the Dungeon.
You were not hungry.

You visited 1 branch of the dungeon, and saw 4 of its levels.
You visited the Abyss 1 time.

You collected 149 gold pieces.

Inventory:

Hand Weapons
 a - a +0 flail (weapon)
Armour
 b - a +2 chain mail of fire resistance (worn)
 c - a +0 shield (worn)
 q - a +0 plate armour
 r - a +0 pair of boots (worn)
 x - a +0 cloak (worn)
 y - a +0 helmet
Scrolls
 h - 2 scrolls of identify
 i - a scroll of immolation {unknown}
 l - 5 scrolls of remove curse {unknown}
 m - a scroll of blinking {unknown}
 n - a scroll of amnesia {unknown}
 p - a scroll of magic mapping {unknown}
 s - a scroll of random uselessness {unknown}
 t - 2 scrolls of enchant armour {unknown}
 u - a scroll of enchant weapon {unknown}
 w - 3 scrolls of teleportation {unknown}
Potions
 d - 2 potions of might
 j - 2 potions of curing {unknown}
 k - 3 potions of haste {unknown}
 o - a potion of degeneration {unknown}
 v - a potion of agility {unknown}
Comestibles
 f - 8 rations
 g - a chunk of flesh


   Skills:
 - Level 3.2 Fighting
 + Level 6.2 Maces & Flails
 - Level 3.2 Armour
 - Level 0.5 Dodging
 - Level 3.2 Shields


You had 5 spell levels left.
You didn't know any spells.
Your spell library contained the following spells:

 Spells                   Type           Power        Failure   Level  Hunger
 Lightning Bolt           Conj/Air       #.........   100%        5    ######.
 Shock                    Conj/Air       #...         100%        1    ##.....
 Swiftness                Chrm/Air       #.......     100%        2    ###....
 Airstrike                Air            #.........   100%        4    #####..
 Static Discharge         Conj/Air       #.......     100%        3    ####...


Dungeon Overview and Level Annotations

Branches:
Dungeon (4/15)
 Temple: D:4-7

Altars:
Cheibriados
Elyvilon
Nemelex Xobeh
Qazlal
Wu Jian
Xom
Yredelemnul
Zin


Innate Abilities, Weirdness & Mutations

You are resistant to torment.
Your stone body is resilient. (AC +4)
You are immune to poison.
You resist negative energy. (rN+)
You are resistant to electric shocks. (rElec)
You can survive without breathing.
You are immune to petrification.
You are immune to rotting.


Message History

l - 5 scrolls labeled ILIRORGH JOPPE (gained 1) Some of the chunks of flesh in your inventory have rotted away.
An ogre comes into view. It is wielding a giant spiked club.
The ogre shouts!
The ogre moves out of view.
The ogre is too close now for your liking.
You sock the ogre!
The ogre is moderately wounded.
The ogre hits you with a giant spiked club!!
Ouch! That really hurt!
A jackal skeleton comes into view.
Your shield and chain mail prevent you from hitting the jackal skeleton.
The ogre hits you with a giant spiked club!
* * * LOW HITPOINT WARNING * * *
You block the jackal skeleton's attack.
Your shield and chain mail prevent you from hitting the jackal skeleton.
You block the jackal skeleton's attack.
The ogre hits you with a giant spiked club!!
Ouch! That really hurt!
You die...

####.#.###...............
#.#.# ####.........###
#.#.# ##.#.....## # #.#.#
#.#..#...### #.#.#
#.#..#...... #.#.#
#####...........
#.#...........#..###
#....########..###
#.Z@O.......##
......########### #####


You could see an ogre and a jackal skeleton.

Vanquished Creatures
  A bullfrog (D:4)
  Terence (D:3)
  An iron imp (Abyss:1)
  A worker ant (D:4)
  3 adders
  An ooze (D:1)
  3 worms
  A dart slug (D:2)
  4 leopard geckos
  5 giant cockroaches
  9 goblins
  A hobgoblin (D:3)
  4 jackals (D:2)
  A quokka (D:3)
  3 ball pythons (D:1)
  13 bats
  4 frilled lizards
  5 kobolds
  A quokka zombie (D:4)
  7 rats
69 creatures vanquished.

Notes
Turn   | Place    | Note
-------+----------+-------------------------------------------
     0 | D:1      | Bergy the Gargoyle Fighter began the quest for the Orb.
     0 | D:1      | Reached XP level 1. HP: 14/14 MP: 1/1
   268 | D:1      | Reached XP level 2. HP: 19/19 MP: 2/2
   440 | D:1      | Reached skill level 3 in Maces & Flails
   539 | D:1      | Reached XP level 3. HP: 23/23 MP: 3/3
   999 | D:2      | Found a glowing silver altar of Zin.
   999 | D:2      | Found a shimmering altar of Xom.
   999 | D:2      | Found a snail-covered altar of Cheibriados.
   999 | D:2      | Found a stormy altar of Qazlal.
  1292 | D:2      | Reached skill level 4 in Maces & Flails
  1292 | D:2      | Reached XP level 4. HP: 18/28 MP: 4/4
  1762 | D:2      | Found an ornate altar of the Wu Jian Council.
  1762 | D:2      | Found a sparkling altar of Nemelex Xobeh.
  2192 | D:3      | Cast into level 1 of the Abyss (goblin)
  2254 | Abyss:1  | Reached skill level 5 in Maces & Flails
  2254 | Abyss:1  | Reached XP level 5. HP: 18/32 MP: 5/5
  2258 | D:3      | Escaped the Abyss
  2636 | D:3      | Found a basalt altar of Yredelemnul.
  2689 | D:3      | Found a white marble altar of Elyvilon.
  2749 | D:3      | Noticed Terence
  2761 | D:3      | Killed Terence
  3029 | D:4      | Reached skill level 6 in Maces & Flails
  3029 | D:4      | Reached XP level 6. HP: 16/37 MP: 6/6
  3296 | D:4      | Demolished by an ogre

Vault maps used:
D:1:      minmay_arrival_floating_metal, minmay_shallow_snake_nest
D:2:      chequers_temple_overflow_statue_of_worship,
          gammafunk_temple_overflow_wave, first_ration
D:3:      kennysheep_ying_yang, uniq_terence

Skill      XL: |  1  2  3  4  5 |
---------------+----------------+-----
Maces & Flails | 3 4 5 6 |  6.2
Fighting       | |  3.2
Armour         | |  3.2
Dodging        | |  0.5
Shields        | |  3.2

Action                   |  1- 3 |  4- 6 || total
-------------------------+-------+-------++-------
Melee: Flail             |   149 |   172 ||   321
  Use: Scroll            |       |     2 ||     2
  Eat: Chunk             |     2 |     6 ||     8
Armor: Scale mail        |   102 |     7 ||   109
       Plate armour      |       |    97 ||    97
       Chain mail        |       |    10 ||    10
Dodge: Dodged            |    60 |    40 ||   100
Block: Shield            |    87 |   105 ||   192

Table legend:
 A = Spawn XP
 B = Non-spawn XP
 C = Spawn XP percentage of total XP
 D = Spawn monster count
 E = Non-spawn monster count
 F = Spawn count percentage of total count
 G = Total turns spent on level
                    A         B        C        D         E        F      G
               +---------+---------+-------+---------+---------+-------+---------
         Total |      39 |     332 |  10.5 |       1 |      68 |   1.4 |  3296
               +---------+---------+-------+---------+---------+-------+---------
           D:1 |       0 |      44 |   0.0 |       0 |      25 |   0.0 |   999
           D:2 |       0 |      61 |   0.0 |       0 |      24 |   0.0 |   799
           D:3 |       0 |      94 |   0.0 |       0 |      16 |   0.0 |  1087
           D:4 |       0 |     133 |   0.0 |       0 |       3 |   0.0 |   345
       Abyss:1 |      39 |       0 | 100.0 |       1 |       0 | 100.0 |    66
               +---------+---------+-------+---------+---------+-------+---------
